 Dungeon Crawl Stone Soup version 0.25.1-9-gc5326a611f (webtiles) character file.

Game seed: 6242637191770243464

323 cheechan the Bolt Thrower (level 6, -12/42 HPs)
             Began as an Octopode Hunter on Nov 27, 2021.
             Mangled by an ogre
             ... wielding a +0 giant club
              (23 damage)
             ... on level 4 of the Dungeon on Nov 28, 2021.
             The game lasted 00:19:03 (3360 turns).

cheechan the Bolt Thrower (Octopode Hunter)         Turns: 3360, Time: 00:19:04

Health: -12/42     AC:  1    Str: 12    XL:     6   Next: 47%
Magic:  6/6        EV: 14    Int: 13    God:
Gold:   38         SH:  0    Dex: 20    Spells: 5/5 levels left

rFire    . . .     SeeInvis .   l - +2 whip (freeze)
rCold    . . .     Gourm    .   (no shield)
rNeg     . . .     Faith    .   (helmet restricted)
rPois    .         Spirit   .   (no amulet)
rElec    .         Reflect  .   b - ring of wizardry
rCorr    .         Harm     .   o - +6 ring of dexterity
MR       .....                  (no ring)
Stlth    +++.......             (no ring)
HPRegen  0.14/turn              (no ring)
MPRegen  0.10/turn              (no ring)
                                (no ring)
                                (no ring)

@: no status effects
A: almost no armour, stealthy swim, amphibious, 8 rings, constrict 8, camouflage
1, gelatinous body 1
a: no special abilities


You were on level 4 of the Dungeon.
You were not hungry.

You visited 1 branch of the dungeon, and saw 4 of its levels.

You collected 38 gold pieces.

Inventory:

Hand Weapons
 a - a +2 hand crossbow
 l - a +2 whip of freezing (weapon)
Missiles
 c - a bolt
 e - 25 poisoned darts (quivered)
 g - 3 boomerangs
 k - 16 sling bullets
 n - 16 arrows
Jewellery
 b - a ring of wizardry (left tentacle)
 o - a +6 ring of dexterity (right tentacle)
Scrolls
 i - a scroll of remove curse
 m - 2 scrolls of teleportation
 p - a scroll of identify
 q - a scroll of noise {unknown}
Potions
 d - a potion of invisibility {unknown}
 f - a potion of haste
Comestibles
 j - a ration


   Skills:
 + Level 3.1 Fighting
 + Level 6.7 Crossbows
 + Level 2.6 Dodging
 + Level 2.1 Stealth


You had 5 spell levels left.
You didn't know any spells.
Your spell library was empty.

Dungeon Overview and Level Annotations

Branches:
Dungeon (4/15)
 Temple: D:4-7

Altars:


Innate Abilities, Weirdness & Mutations

You cannot wear most types of armour.
You are very stealthy in the water. (Stealth+)
You are amphibious.
You can wear up to eight rings at the same time.
You can use your tentacles to constrict eight enemies at once.
Your skin changes colour to match your surroundings (Stealth+).
Your rubbery body absorbs attacks. (AC +1, EV +1)


Message History

Aim: an ogre, wielding a +0 giant club (lightly wounded, very poisoned)
You throw a poisoned dart. The poisoned dart hits the ogre.
The ogre looks even sicker.
The ogre is lightly wounded.
Unknown command.
Throwing (i - inventory. (/) - cycle)
e - 26 poisoned darts (quivered)
Press: ? - help, Shift-Dir - straight line, f/p - ogre
Aim: an ogre, wielding a +0 giant club (lightly wounded, very poisoned)
You throw a poisoned dart. The poisoned dart hits the ogre.
The ogre looks as sick as possible!
The ogre is lightly wounded.
Unknown command.
You barely miss the ogre.
The ogre is lightly wounded.
The ogre closely misses you.
You barely miss the ogre.
The ogre is moderately wounded.
The ogre hits you with a +0 giant club!!
Ouch! That really hurt!
You die...

#.......... #..........
#####'#####.
#####...#.......
#.......#.†#####
#.......#..# #.
#+#####†......#.†# ...
..#....)'.......'..#.###
.....(O@#.......##.# #
.(((....#.......##.# .
........#####...##.# #
......... #....##..
......... #....##.#
.......... #....##..
.......... +..... ..
####.###...


You could see an ogre (extremely poisoned).

Vanquished Creatures
  Sigmund (D:3)
  8 gnolls
  3 adders
  2 worms
  2 dart slugs
  3 orcs
  5 bats
  3 giant cockroaches (D:2)
  8 goblins
  4 hobgoblins
  6 jackals
  5 frilled lizards
  4 kobolds
  4 rats
58 creatures vanquished.

Vanquished Creatures (others)
  A bat (D:3)
1 creature vanquished.

Grand Total: 59 creatures vanquished

Notes
Turn   | Place    | Note
-------+----------+-------------------------------------------
     0 | D:1      | cheechan the Octopode Hunter began the quest for the Orb.
     0 | D:1      | Reached XP level 1. HP: 14/14 MP: 1/1
   833 | D:2      | Reached XP level 2. HP: 19/19 MP: 2/2
  1529 | D:2      | Reached XP level 3. HP: 23/24 MP: 3/3
  1725 | D:2      | Reached skill level 5 in Crossbows
  2130 | D:3      | Reached XP level 4. HP: 25/30 MP: 4/4
  2505 | D:3      | Reached XP level 5. HP: 28/35 MP: 5/5
  2523 | D:3      | Noticed Sigmund
  2536 | D:3      | Killed Sigmund
  2536 | D:3      | Reached skill level 6 in Crossbows
  2536 | D:3      | Reached XP level 6. HP: 9/42 MP: 6/6
  3360 | D:4      | Mangled by an ogre

Illustrated notes

Levels and vault maps discovered:
D:1:      ncdulo_lavacross, layout_basic
D:2:      kb_forest_paths, layout_basic
D:3:      layout_loops_ring, chequers_serial_rivers_small_b,
          kennysheep_generic_room_14, uniq_sigmund
D:4:      layout_basic, cheibrodos_sewer_entry_sluice, first_ration,
          uniq_duvessa

Skill      XL: |  1  2  3  4  5 |
---------------+----------------+-----
Crossbows      | 5 6 |  6.7
Fighting       | 3 |  3.1
Stealth        | 2 |  2.1
Dodging        | |  2.6

Action                   |  1- 3 |  4- 6 || total
-------------------------+-------+-------++-------
Melee: Hand crossbow     |    17 |     7 ||    24
       Constrict         |     5 |     7 ||    12
       Tentacles         |     4 |     4 ||     8
       Whip              |       |    14 ||    14
 Fire: Hand crossbow     |    58 |    52 ||   110
Throw: Dart              |       |     5 ||     5
  Use: Scroll            |     6 |       ||     6
       Potion            |       |     1 ||     1
  Eat: Ration            |     1 |     2 ||     3
Armor: Skin              |     6 |     1 ||     7
Dodge: Dodged            |    25 |    26 ||    51
